 Dungeon Crawl Stone Soup version 0.31-a0-654-gbe3e110b4e (webtiles) character file.

Game seed: 6396944914633483970

2160119 Xenophilius the Impregnable (level 27, 200/200 HPs)
             Began as an Armataur Monk on Aug 29, 2023.
             Was a High Priest of Hepliaklqana.
             Escaped with the Orb
             ... and 4 runes on Aug 30, 2023!
             The game lasted 08:31:25 (86998 turns).

Xenophilius the Impregnable (Armataur Monk)        Turns: 86998, Time: 08:31:25

Health: 200/200    AC: 46    Str: 35 (36) XL:     27
Magic:  47/47      EV: 14    Int: 16 (17) God:    Hepliaklqana [*****.]
Gold:   329        SH: 18    Dex: 21      Spells: 1/48 levels left

rFire   + + .        a - +10 morningstar "Eos" {elec, Halo rElec}
rCold   + . .        I - +1 kite shield {rF+}
rNeg    + . .        M - +8 fire dragon scales
rPois   +            t - +1 helmet
rElec   +            f - scarf {repulsion}
rCorr   .            R - +0 pair of gloves
SInv    .            W - +10 Black Knight's barding {ponderous, rPois rN+}
Will    ++++.        Y - amulet "Vauron" {Spirit Int+4} Stlth
                     q - ring "Kougeule" {rF- rC++ Dex+6 Slay+5, =R}
HPRegen 0.53/turn    y - ring of the Twenty Princes {Will++ MP+9 Str+4}
MPRegen 0.30/turn

%: repel missiles, guardian spirit, roll
@: glowing, studying Unarmed Combat, slow
A: reduced essence, large, rugged brown scales 3, deformed body, armoured tail,
roll, long tongue, awkward tongue, stinger 1, agile 1, frail 1, strong 2
0: Orb of Zot
}: 4/15 runes: decaying, serpentine, slimy, silver
a: Renounce Religion, Recall Ancestor, Ancestor Identity, Transference, Idealise


You escaped.
You worshipped Hepliaklqana.
Hepliaklqana was extremely pleased with you.
You visited 12 branches of the dungeon, and saw 56 of its levels.
You also visited: Ice Cave, Volcano and Wizlab.

You collected 8444 gold pieces.
You spent 8115 gold pieces at shops.

Inventory:

Hand Weapons
 a - the +10 morningstar "Eos" (weapon) {elec, Halo rElec}
   (You acquired it on level 10 of the Dungeon)

   Halo:      It grants its wielder a halo, revealing invisible creatures and
   increasing accuracy against all within it other than the wielder.
   rElec:     It insulates you from electricity.
Missiles
 A - 17 throwing nets (quivered)
 Z - 11 curare-tipped darts
Armour
 f - a scarf of repulsion (worn)
 t - a +1 helmet (worn)
 I - a +1 kite shield of fire resistance (worn)
 M - +8 fire dragon scales (worn)
 R - a +0 pair of gloves (worn)
 T - a +2 kite shield of protection
 W - the +10 Black Knight's barding (worn) {ponderous, rPois rN+}
   (You acquired it on level 4 of the Lair of Beasts)

   rPois:     It protects you from poison rN+: It protects you from negative
   energy.
Jewellery
 b - the ring "Izeogomuh" {rElec rF+ rN++ SInv Stlth+}
   (You took it off a deep elf blademaster on level 3 of the Elven Halls)

   [ring of see invisible]

   rF+:       It protects you from fire.
   rElec:     It insulates you from electricity.
   rN++:      It greatly protects you from negative energy.
   SInv:      It lets you see invisible.
   Stlth+:    It makes you more stealthy.
 q - the ring "Kougeule" (left hand) {rF- rC++ Dex+6 Slay+5, =R}
   (You bought it in a shop on level 1 of the Snake Pit)

   [ring of dexterity]

   Dex+6:     It affects your dexterity (+6).
   Slay+5:    It affects your accuracy & damage with ranged weapons and melee
   (+5).
   rF-:       It makes you vulnerable to fire.
   rC++:      It greatly protects you from cold.
 y - the ring of the Twenty Princes (right hand) {Will++ MP+9 Str+4}
   (You found it on level 3 of the Dungeon)

   [ring of magical power]

   Str+4:     It affects your strength (+4).
   Will++:    It greatly increases your willpower.
   MP+9:      It affects your magic capacity (+9).
 H - the ring of Simaxu Memi {+Blink Fly rCorr}
   (You took it off a deep elf demonologist on level 3 of the Elven Halls)

   [ring of flight]

   Fly:       It grants you flight.
   +Blink:    It lets you blink.
   rCorr:     It protects you from acid and corrosion.
 Y - the amulet "Vauron" (around neck) {Spirit Int+4}
   (You took it off a vault guard on level 5 of the Vaults)

   [amulet of guardian spirit]

   Spirit:    It causes incoming damage to be divided between your reserves of
   health and magic.
   Int+4:     It affects your intelligence (+4).
Wands
 h - a wand of mindburst (49)
 x - a wand of roots (64)
 J - a wand of digging (37)
 L - a wand of charming (75)
 P - a wand of light (35)
Scrolls
 d - 3 scrolls of summoning
 e - a scroll of acquirement
 j - 10 scrolls of immolation
 k - 5 scrolls of vulnerability
 r - 23 scrolls of teleportation
 s - 7 scrolls of fear
 v - 7 scrolls of blinking
 D - 7 scrolls of fog
 N - 7 scrolls of silence
 V - 3 scrolls of poison
 X - 5 scrolls of torment
Potions
 c - 9 potions of ambrosia
 g - 5 potions of lignification
 l - 3 potions of invisibility
 m - 5 potions of magic
 n - 14 potions of curing
 o - 19 potions of heal wounds
 p - 12 potions of enlightenment
 w - 3 potions of resistance
 z - 12 potions of might
 B - 4 potions of mutation
 C - 3 potions of cancellation
 G - 10 potions of attraction
 K - 11 potions of brilliance
 O - 11 potions of haste
 U - 5 potions of berserk rage
Miscellaneous
 i - a sack of spiders
 u - a condenser vane
 E - a phial of floods
 Q - a lightning rod (4/4)
 S - a phantom mirror


   Skills:
 - Level 16.0 Fighting
 - Level 16.0 Maces & Flails
 - Level 23.0 Armour
 - Level 12.0 Dodging
 + Level 20.4 Shields
 - Level 11.0 Spellcasting
 - Level 6.0 Conjurations
 - Level 12.0 Hexes
 - Level 11.0 Necromancy
 - Level 17.0 Translocations
 - Level 6.0 Ice Magic
 - Level 12.0 Air Magic
 - Level 12.0 Earth Magic
 - Level 18.0 Invocations
 - Level 8.0 Evocations


You had one spell level left.
You knew the following spells:

 Your Spells              Type           Power      Damage    Failure   Level
a - Apportation           Tloc           100%       N/A       0%          1
b - Lesser Beckoning      Tloc           100%       N/A       1%          2
c - Vhi's Electric Charg  Tloc/Air       100%       N/A       1%          4
g - Passage of Golubria   Tloc           58%        N/A       1%          4
s - Airstrike             Air            23%        2d(4-20)  1%          4
v - Borgnjor's Vile Clut  Necr/Erth      22%        N/A       3%          5
w - Passwall              Tmut/Erth      23%        N/A       1%          2
A - Manifold Assault      Tloc           58%        N/A       1%          4
B - Blink                 Tloc           100%       N/A       1%          2
D - Dispersal             Tloc           29%        N/A       1%          6
F - Cause Fear            Hex            23%        N/A       1%          4
M - Iskenderun's Mystic   Conj/Tloc      45%        2d10      1%          4
Q - Silence               Hex/Air        23%        N/A       2%          5

Your spell library contained the following spells:

 Spells                   Type           Power      Damage    Failure   Level
 Freeze                   Ice            100%       1d10      1%          1
 Magic Dart               Conj           100%       1d8       1%          1
 Necrotise                Necr           100%       1d9       1%          1
 Sandblast                Erth           94%        2d19      1%          1
 Shock                    Conj/Air       100%       1d9       1%          1
 Foxfire                  Conj/Fire      72%        2x1d7     4%          1
 Sting                    Tmut/Pois      32%        1d4       14%         1
 Summon Small Mammal      Summ           32%        N/A       14%         1
 Cigotuvi's Dreadful Rot  Necr/Pois/Air  66%        N/A       1%          2
 Ensorcelled Hibernation  Hex/Ice        74%        N/A       1%          2
 Momentum Strike          Conj/Tloc      90%        3d10      1%          2
 Poisonous Vapours        Pois/Air       56%        N/A       1%          2
 Static Discharge         Conj/Air       74%        2-6/arc   1%          2
 Sublimation of Blood     Necr           44%        N/A       1%          2
 Dazzling Flash           Conj/Hex       74%        N/A       1%          3
 Gell's Gravitas          Tloc           58%        N/A       1%          3
 Portal Projectile        Hex/Tloc       100%       N/A       1%          3
 Swiftness                Air            47%        N/A       1%          3
 Teleport Other           Tloc           58%        N/A       1%          3
 Tukima's Dance           Hex            47%        N/A       1%          3
 Volatile Blastmotes      Fire/Tloc      72%        2d16      1%          3
 Anguish                  Hex/Necr       22%        N/A       1%          4
 Dispel Undead            Necr           44%        3d17      1%          4
 Leda's Liquefaction      Hex/Erth       23%        N/A       1%          4
 Lee's Rapid Deconstruct  Erth           23%        3d13*     2%          5
 Frozen Ramparts          Ice            56%        1d9       3%          3
 Mephitic Cloud           Conj/Pois/Air  28%        N/A       3%          3
 Ozocubu's Armour         Ice            28%        N/A       3%          3
 Summon Guardian Golem    Hex/Summ       28%        N/A       3%          3
 Agony                    Necr           44%        N/A       4%          5
 Arcjolt                  Conj/Air       18%        1d28      10%         5
 Metabolic Englaciation   Hex/Ice        18%        N/A       10%         5
 Animate Armour           Summ/Erth      56%        N/A       12%         4
 Petrify                  Tmut/Erth      28%        N/A       12%         4
 Summon Lightning Spire   Summ/Air       28%        N/A       12%         4
 Summon Forest            Summ/Tloc      18%        N/A       12%         5
 Freezing Cloud           Conj/Ice/Air   17%        6-21      14%         5
 Call Imp                 Summ           16%        N/A       22%         2
 Scorch                   Fire           16%        2d5       22%         2
 Wereblood                Tmut           8%         N/A       22%         2
 Death Channel            Necr           22%        N/A       24%         6
 Iskenderun's Battlesphe  Conj           28%        2d8       32%         5
 Summon Mana Viper        Hex/Summ       28%        N/A       32%         5
 Yara's Violent Unravell  Hex/Tmut       14%        3d7       32%         5
 Call Canine Familiar     Summ           8%         N/A       38%         3
 Ignite Poison            Fire/Tmut/Pois 8%         N/A       38%         3
 Sticky Flame             Conj/Fire      18%        2d4       38%         4
 Summon Ice Beast         Ice/Summ       18%        N/A       38%         4
 Conjure Ball Lightning   Conj/Air       18%        3x3d6     47%         6
 Leda's Unmaking          Conj/Erth      18%        9d4       47%         6
 Simulacrum               Ice/Necr       18%        N/A       54%         6
 Enfeeble                 Hex            23%        N/A       65%         7
 Disjunction              Tloc           29%        N/A       65%         8
 Fireball                 Conj/Fire      9%         3d6       75%         5
 Irradiate                Conj/Tmut      9%         3d14      75%         5
 Olgreb's Toxic Radiance  Pois           8%         N/A       80%         4
 Plasma Beam              Fire/Air       14%        2x1d25    88%         6
 Alistair's Intoxication  Tmut/Pois      5%         N/A       98%         5
 Starburst                Conj/Fire      9%         6d5       99%         6
 Summon Cactus Giant      Summ           4%         N/A       100%        6
 Haunt                    Necr/Summ      13%        N/A       100%        7
 Orb of Destruction       Conj           14%        9d7       100%        7
 Ozocubu's Refrigeration  Ice            14%        4d10      100%        7
 Spellforged Servitor     Conj/Summ      9%         N/A       100%        7
 Summon Hydra             Summ           4%         N/A       100%        7
 Borgnjor's Revivificati  Necr           22%        N/A       100%        8
 Discord                  Hex            23%        N/A       100%        8
 Ignition                 Fire           4%         3d4       100%        8
 Lehudib's Crystal Spear  Conj/Erth      18%        10d6      100%        8
 Maxwell's Capacitive Co  Air            23%        ∞         100%        8
 Death's Door             Necr           22%        N/A       100%        9
 Dragon's Call            Summ           4%         N/A       100%        9
 Fire Storm               Conj/Fire      9%         8d2       100%        9
 Polar Vortex             Ice            14%        12d1*     100%        9


Dungeon Overview and Level Annotations

Branches:
Dungeon (15/15)            Temple (1/1) D:4            Lair (5/5) D:9
  Swamp (4/4) Lair:3        Snake (4/4) Lair:2        Slime (5/5) Lair:5
    Orc (2/2) D:10            Elf (3/3) Orc:2        Vaults (5/5) D:14
  Crypt (3/3) Vaults:2       Tomb (0/3) Crypt:3      Depths (4/4) D:15
    Zot (5/5) Depths:4      IceCv (visited)         Volcano (visited)
 WizLab (visited)

Altars:
Ashenzari
Cheibriados
Dithmenos
Elyvilon
Fedhas
Gozag
Hepliaklqana
Kikubaaqudgha
Makhleb
Nemelex Xobeh
Okawaru
Qazlal
Ru
Sif Muna
Trog
Uskayaw
Vehumet
Wu Jian
Xom
Yredelemnul
Zin
The Shining One
Jiyva

Shops:
D:1 :   D:4 =   D:5 *   D:8 :   D:10 ?**((   Orc:2 ?*(**   Snake:1 =:=
Snake:4 (:   Vaults:3 (

Portals:
Hell: Lair:5 Depths:1 Depths:2 Depths:3 Depths:4
Abyss: Depths:3
Pandemonium: Depths:2 Depths:4
Ziggurat: Depths:3


Innate Abilities, Weirdness & Mutations

Your life essence is reduced to manifest your ancestor. (-10% HP)
You are completely covered in rugged brown scales. (AC +3, +7% HP)
Armour fits poorly on your strangely shaped body.
You have a long armoured tail.
You roll when moving toward enemies. (Rampage)
Your long tongue fully drains potion bottles. (2x potion effects)
Your tongue gives you trouble enunciating. (1.5x scroll delay)
Your tail ends in a venomous barb.
You are agile. (Dex +4, Str/Int -1)
You are frail. (-10% HP)
Your muscles are very strong. (Str +8, Int/Dex -2)


Message History

You puncture the Orb Guardian!
The Orb Guardian is severely wounded.
The zombie hands constrict the Orb Guardian.
You block the Orb Guardian's attack.
You bludgeon the Orb Guardian!!
You kill the Orb Guardian!
What level of the Dungeon? (default 1, ? - help)
There is a stone staircase leading up here.
You climb upwards.
There is a stone staircase leading down here.
An Orb Guardian comes into view.
Belessunu casts a spell.
The Orb Guardian resists with almost no effort.
Casting: Borgnjor's Vile Clutch (mildly dangerous; 3% risk of failure)
Confirm with . or Enter, or press ? or * to list all spells.
Aiming: Borgnjor's Vile Clutch (mildly dangerous; 3% risk of failure)
Press: ? - help, Shift-Dir - straight line, f - Orb Guardian
Aim: an Orb Guardian (ally target, haloed, 100% to hit)
Zombie hands grab the Orb Guardian.
The zombie hands constrict the Orb Guardian.
The Orb Guardian hits you but does no damage.
Unknown command.
You perforate the Orb Guardian like a sieve!!!
You tail-slap the Orb Guardian!
The Orb Guardian is severely wounded.
The zombie hands constrict the Orb Guardian.
Belessunu hits the Orb Guardian but does no damage.
Belessunu hits the Orb Guardian with a +0 antimagic quick blade!!
The Orb Guardian hits Belessunu!!
Belessunu hits the Orb Guardian with a +0 antimagic quick blade!!
The Orb Guardian dies!
You feel your strength returning.
No target in view!
What level of the Dungeon? (default 1, ? - help)
There is an empty arch of ancient stone here.
Ancestor HP restored.
Magic restored.
There is a staircase leading out of the dungeon here.
Belessunu is no longer moving quickly.
You have escaped!

##### ### ### ....# ### #.###.#
....# #.# ####.P.## ....# #.#
#.##P..##
....##############.#######P...PPP
.........................#.PP....
....##############..###..#..P...P
....# ##@##.....#.PPP.P.. ....#
###.R.###.###........ #####
#...≈...#.#


#.PPP.P.P ....# #.8.≈.8.#.# #.PPP..P. ##### #...≈...#^# #####_###
#.♣.≈.♣.#.###P.P..PPP ###...≈...#...#...P.... # #.#.8.≈.8.#...#........ #
##.#...≈...#...#........ You could see the friendly Belessunu the hexer.

Vanquished Creatures
  the Royal Jelly (Slime:5)
  Khufu (Crypt:2)
  4 dread liches
  Mara (Vaults:2)
  2 orbs of fire
  An ancient lich (Zot:5)
  A juggernaut (Depths:2)
  Sojobo (Crypt:1)
  Frederick (Vaults:2)
  Bai Suzhen (Elf:3)
  9 Killer Klowns
  Vashnia (Snake:3)
  Saint Roka (Orc:1)
  A curse toe (Zot:3)
  A profane servitor (Crypt:3)
  8 golden dragons
  3 bone dragons
  2 electric golems
  Rupert (D:15)
  Zenata (Elf:3)
  15 Orb Guardians
  2 liches
  6 tentacled monstrosities
  5 deep elf blademasters
  Asterion (Vaults:3)
  A deep elf master archer (Elf:3)
  4 titans
  13 acid blobs
  4 quicksilver dragons
  10 death cobs
  4 ancient champions
  3 sphinxes
  8 shadow dragons
  7 tengu reavers
  7 draconian monks
  Aizul (Crypt:1)
  A thorn hunter (Swamp:4)
  9 storm dragons
  A revenant (Crypt:3)
  A nagaraja (Snake:4)
  10 rockslimes
  Roxanne (Snake:3)
  2 fenstrider witches
  7 azure jellies
  7 fire giants
  The ghost of incide the Thaumaturge, an adept GnIE of Okawaru (Elf:2)
  An azure jelly (shapeshifter) (Vaults:5)
  2 iron dragons (Vaults:5)
  A shard shrike simulacrum (Crypt:3)
  7 draconian knights
  9 vault wardens
  7 draconian scorchers
  A balrug (Depths:4)
  8 deep elf sorcerers
  2 deep elf elementalists (Elf:3)
  10 ghouls
  11 frost giants
  5 draconian shifters
  2 curse skulls (Zot:3)
  3 draconian stormcallers
  A caustic shrike zombie (D:15)
  2 spriggan defenders (Depths:2)
  3 war gargoyles
  13 ironbound preservers
  15 very ugly things
  9 draconian annihilators
  A formless jellyfish (Vaults:2)
  18 quicksilver oozes
  3 ironbound thunderhulks
  3 green draconians
  13 stone giants
  9 deep elf annihilators
  2 vampire knights
  2 eleionomae
  11 white draconians
  10 black draconians
  3 bunyips
  8 purple draconians
  6 red draconians
  4 deep elf demonologists (Elf:3)
  8 yellow draconians
  7 dire elephants
  9 spark wasps
  2 eidola
  5 deep elf death magi
  A crystal guardian (Vaults:3)
  2 blizzard demons
  9 fire dragons
  12 ettins
  13 jiangshi
  10 yaktaur captains
  2 entropy weavers
  4 deep elf high priests
  9 great orbs of eyes
  8 ice dragons
  A spriggan zombie (Crypt:1)
  2 peacekeepers
  3 rakshasas
  9 salamander tyrants
  8 alligators
  18 vault guards
  19 hydras
  3 ogre magi (Vaults:5)
  A fenstrider witch zombie (Crypt:1)
  2 hell beasts (Depths:4)
  9 ironbound frosthearts
  An alligator snapping turtle (shapeshifter) (Depths:2)
  8 spriggan air magi
  A ghost crab (Swamp:2)
  4 boulder beetles
  16 anacondas
  A catoblepas (D:13)
  2 death knights
  7 centaur warriors
  A two-headed ogre (shapeshifter) (Depths:3)
  11 naga warriors
  6 two-headed ogres
  7 deep troll shamans
  5 tengu warriors
  10 deep troll earth magi
  An azure jelly zombie (Crypt:2)
  19 dancing weapons
  4 orc high priests
  7 vampire magi
  13 naga sharpshooters
  4 spriggan berserkers
  Urug (D:13)
  4 shock serpents
  5 skysharks
  7 hell knights
  21 deep elf knights
  2 sun demons
  2 fire crabs
  A fire crab (shapeshifter) (D:15)
  5 salamander mystics
  A sixfirhy (Depths:4)
  6 goliath frogs
  3 spriggan druids
  10 iron trolls
  A shadow wraith (Crypt:3)
  33 skeletal warriors
  A deep troll (shapeshifter) (Depths:2)
  3 flayed ghosts
  6 bog bodies
  7 swamp dragons
  10 ironbound convokers
  A lindwurm (shapeshifter) (Depths:2)
  2 death drakes (WizLab)
  7 naga ritualists
  38 deep trolls
  6 glowing orange brains
  6 phantasmal warriors
  15 deep elf archers
  3 harpies (Vaults:1)
  30 deep elf pyromancers
  15 wizards
  7 necromancers
  5 lindwurms
  2 orange crystal statues (IceCv)
  28 deep elf zephyrmancers
  A shining eye (Zot:3)
  2 shadow dragon skeletons
  4 orc knights
  A wolf spider (D:13)
  8 orc sorcerers
  7 mana vipers
  2 cyclopes
  An oklob plant (Lair:5)
  2 manticores
  A frost giant zombie (D:15)
  A manticore (shapeshifter) (Vaults:5)
  38 ugly things
  4 elephants (Lair:5)
  A stone giant zombie (Vaults:4)
  A will-o-the-wisp (Swamp:2)
  A spectral centaur (Crypt:3)
  27 salamanders
  A salamander (shapeshifter) (Depths:2)
  24 moths of wrath
  4 fire giant skeletons (Vaults:2)
  8 guardian serpents
  A rust devil (Depths:4)
  A smoke demon (Depths:4)
  A centaur zombie (Crypt:1)
  37 black mambas
  Jeremiah (D:7)
  17 naga magi
  An apocalypse crab (WizLab)
  6 eyes of devastation
  Maggie (D:8)
  A torpor snail (Lair:5)
  14 vault sentinels
  An unseen horror (D:12)
  A gargoyle (D:13)
  An orange demon (Lair:5)
  6 cane toads
  6 rime drakes
  8 freezing wraiths
  2 ice devils (Lair:5)
  A yaktaur skeleton (Vaults:2)
  8 komodo dragons
  25 yaktaurs
  3 guardian mummies
  3 tengu conjurers
  A grey draconian skeleton (Crypt:2)
  2 harpy zombies
  A wind drake (WizLab)
  4 meliai
  2 hellwings
  7 trolls
  A spectral harpy (Crypt:3)
  5 tyrant leeches
  5 human skeletons
  2 bloated husks
  A blink frog (shapeshifter) (Depths:2)
  A merfolk (D:15)
  2 fire dragon zombies (Crypt:1)
  12 hornets
  61 slime creatures
  A dream sheep (Lair:5)
  A dream sheep (shapeshifter) (Depths:2)
  29 blink frogs
  10 air elementals
  40 flying skulls (Crypt:3)
  A culicivora (shapeshifter) (Vaults:5)
  12 spriggans
  4 shadows
  A deep troll skeleton (Vaults:2)
  9 wyverns
  A spriggan (shapeshifter) (Elf:3)
  A vampire (D:11)
  10 wraiths
  A fire elemental (Elf:3)
  3 water elementals
  39 yaks
  9 basilisks
  12 golden eyes
  Grum (D:8)
  An unseen horror simulacrum (D:9)
  2 steam dragons
  2 large abominations (Elf:1)
  5 redbacks (Elf:1)
  3 small abominations (Crypt:3)
  A chaos spawn (D:11)
  11 vampire mosquitoes
  An elf skeleton (Vaults:2)
  5 wargs
  A naga zombie (Crypt:1)
  53 nagas
  9 water moccasins
  3 acid dragons
  3 hell hounds
  12 swamp worms
  A swamp worm (shapeshifter) (Depths:3)
  A glowing shapeshifter skeleton (Crypt:2)
  A floating eye (Zot:3)
  26 orc warriors
  2 black bears
  An ice beast (D:5)
  6 swamp drakes
  4 great orb of eyes simulacra (IceCv)
  2 ogres
  19 wolves
  A boggart (Vaults:1)
  A snapping turtle skeleton (Crypt:1)
  4 slime creature simulacra (IceCv)
  A phantom (D:4)
  2 kobold brigands
  7 bullfrogs
  An earth elemental (Elf:1)
  3 elf zombies (Elf:1)
  A scorpion (D:6)
  2 gnoll sergeants
  5 necrophages
  3 glowing shapeshifter simulacra (IceCv)
  3 wights
  A warg skeleton (Crypt:1)
  A killer bee (D:7)
  A bullfrog zombie (Crypt:2)
  2 jellies (Lair:5)
  A human zombie (Crypt:1)
  21 orc priests
  4 hounds
  2 iguanas
  2 sleepcaps
  7 hexers
  17 orc wizards
  12 hell rats
  20 gnolls
  8 adders
  A white imp (D:8)
  An ufetubus (D:7)
  A worm (D:4)
  2 dart slugs
  63 orcs
  9 endoplasms
  4 giant cockroaches
  7 goblins
  8 hobgoblins
  A jackal (D:1)
  12 kobolds
  A quokka (D:1)
  11 ball pythons
  A ball python skeleton (Crypt:1)
  6 bats
  3 frilled lizards
  A frilled lizard skeleton (Crypt:1)
  4 rats
  A river rat zombie (Crypt:1)
  A butterfly (Lair:3)
1999 creatures vanquished.

Vanquished Creatures (collateral kills)
  A dread lich (Zot:5)
  5 orbs of fire
  An ancient lich (Vaults:5)
  3 royal mummies (Crypt:2)
  Parghit (Zot:2)
  The ghost of Eghefix the Bludgeoner, a legendary GnFi of Cheibriados (Zot:5)
  A Killer Klown (Zot:5)
  3 curse toes
  3 golden dragons
  A Brimstone Fiend (Zot:3)
  Norris (Vaults:2)
  A Cloud Mage (WizLab)
  2 electric golems (Zot:5)
  6 tentacled monstrosities
  A walking crystal tome (Depths:2)
  4 liches
  12 Orb Guardians
  A deep elf blademaster (Elf:2)
  3 titans
  A quicksilver dragon (Vaults:5)
  An acid blob (shapeshifter) (Depths:4)
  4 death cobs
  A deep elf master archer (Elf:3)
  6 acid blobs
  An ancient champion (Crypt:2)
  6 tengu reavers
  2 rockslimes
  6 storm dragons
  2 fenstrider witches (Swamp:2)
  2 revenants
  3 azure jellies
  A shadow dragon (Zot:1)
  5 vault wardens
  A ghost moth (Zot:4)
  7 fire giants
  A curse skull (Crypt:3)
  6 frost giants
  A draconian shifter (Zot:2)
  A spriggan defender (Depths:2)
  A draconian scorcher (Zot:3)
  3 ghouls
  4 ironbound preservers
  A war gargoyle (Vaults:2)
  8 quicksilver oozes
  3 very ugly things
  5 stone giants
  3 formless jellyfish
  4 vampire knights
  A deep elf demonologist (Elf:3)
  A green draconian (Zot:3)
  2 ironbound thunderhulks
  3 deep elf annihilators
  A bunyip (Swamp:3)
  2 black draconians
  An eleionoma (Swamp:2)
  A white draconian (Depths:4)
  A purple draconian (Zot:3)
  3 dire elephants
  A red draconian (Zot:2)
  8 spark wasps
  3 yellow draconians
  2 deep elf death magi
  A blizzard demon (WizLab)
  6 jiangshi
  3 ettins
  Fannar (Lair:3)
  4 yaktaur captains
  A fire dragon (Depths:2)
  A deep elf high priest (Vaults:5)
  5 great orbs of eyes
  12 vault guards
  4 ice dragons
  A peacekeeper (Vaults:3)
  A spriggan zombie (D:15)
  13 hydras
  Erica (D:8)
  2 alligators (Swamp:2)
  An anaconda (D:15)
  An ironbound frostheart (Vaults:4)
  A spriggan air mage (Depths:2)
  2 boulder beetles (D:12)
  8 dancing weapons
  3 tengu warriors
  3 death knights (Crypt:3)
  A deep troll earth mage (Vaults:2)
  5 naga warriors
  2 two-headed ogres (D:9)
  2 deep troll shamans
  2 spriggan berserkers (Depths:2)
  2 naga sharpshooters
  2 orc high priests (D:10)
  2 hell knights
  5 deep elf knights
  A sun demon (Lair:5)
  3 shadow wraiths
  2 shock serpents
  A soul eater (Depths:4)
  A fire crab (Swamp:4)
  11 skeletal warriors
  A ghost moth zombie (Crypt:1)
  A goliath frog (Swamp:2)
  A death drake (WizLab)
  11 deep trolls
  3 glowing orange brains (Zot:3)
  3 spriggan druids
  A naga ritualist (Snake:2)
  2 salamander mystics
  An obsidian statue (Zot:5)
  A deep elf archer (Elf:3)
  3 lindwurms
  A shadow dragon zombie (Crypt:2)
  4 swamp dragons
  6 ironbound convokers
  6 deep elf zephyrmancers
  6 wizards
  An orange crystal statue (IceCv)
  2 phantasmal warriors
  2 necromancers
  8 deep elf pyromancers
  A harpy (Vaults:1)
  A mana viper (Snake:1)
  9 shining eyes
  An orc knight (Orc:2)
  A frost giant zombie (Crypt:2)
  12 ugly things
  4 guardian serpents
  A manticore (D:9)
  2 vault sentinels
  An elephant (Lair:5)
  9 moths of wrath
  15 salamanders
  An orange demon (Lair:5)
  11 black mambas
  2 cane toads
  A smoke demon (Depths:4)
  6 naga magi
  A hellion (Zot:5)
  A rime drake (shapeshifter) (D:9)
  A human zombie (Vaults:4)
  An efreet (D:13)
  A komodo dragon (Lair:4)
  An unseen horror (D:7)
  A hexer (Elf:3)
  3 rime drakes
  6 freezing wraiths
  9 yaktaurs
  3 ice devils
  A red devil (Zot:5)
  3 trolls
  2 merfolk (D:15)
  3 tyrant leeches
  5 hornets
  2 meliai (D:15)
  6 blink frogs
  An ettin zombie (Crypt:1)
  36 slime creatures
  12 flying skulls (Crypt:3)
  9 spriggans
  2 water elementals
  A fire elemental (Swamp:4)
  10 golden eyes
  2 wraiths
  5 wyverns
  2 air elementals
  18 yaks
  2 basilisks
  2 large abominations
  3 vampire mosquitoes
  3 redbacks (Elf:1)
  A steam dragon (Swamp:4)
  A naga zombie (Crypt:1)
  3 swamp worms
  A warg (Orc:1)
  6 nagas
  6 water moccasins
  2 hell hounds
  4 swamp drakes (Swamp:4)
  An ice beast (D:6)
  6 orc warriors
  2 sky beasts (D:7)
  A great orb of eyes simulacrum (IceCv)
  2 black bears
  An ogre (D:6)
  8 wolves
  A centaur (D:10)
  An elephant skeleton (Crypt:1)
  A kobold brigand (D:9)
  A slime creature simulacrum (IceCv)
  An elf zombie (Elf:1)
  2 bullfrogs
  2 gnoll sergeants
  A scorpion (D:6)
  3 necrophages (Crypt:3)
  2 wights
  A raiju skeleton (Crypt:1)
  5 killer bees (D:7)
  2 howler monkeys
  An electric eel (D:10)
  2 orc priests
  2 hounds (D:5)
  A gnoll bouda (D:7)
  3 hell rats
  An iguana (D:5)
  3 orc wizards
  2 sleepcaps
  An ogre zombie (Crypt:1)
  A howler monkey skeleton (Crypt:2)
  4 gnolls
  3 adders
  A shadow imp (D:7)
  14 orcs
  2 kobolds (D:9)
697 creatures vanquished.

Vanquished Creatures (others)
  A death cob (Zot:5)
  A deep troll (Depths:1)
  A deep elf pyromancer (Elf:2)
  A bloated husk (Swamp:3)
  A dancing weapon (Snake:4)
  A steam dragon (Swamp:4)
  2 swamp drakes (Swamp:4)
  32 hexers
  A kobold (D:7)
  A butterfly (D:5)
  2 foxfires (Swamp:2)
44 creatures vanquished.

Grand Total: 2740 creatures vanquished

Notes
Turn   | Place    | Note
-------+----------+-------------------------------------------
     0 | D:1      | Xenophilius the Armataur Monk began the quest for the Orb.
     0 | D:1      | Reached XP level 1. HP: 19/19 MP: 1/1
    87 | D:1      | Found Fefiech's Book Boutique.
   199 | D:1      | Found a faded altar of an unknown god.
   295 | D:1      | Reached XP level 2. HP: 22/26 MP: 2/2
   910 | D:1      | Reached XP level 3. HP: 31/32 MP: 3/3
  1971 | D:3      | Identified the ring of the Twenty Princes {Will++ MP+9
                  | Str+4}
  2121 | D:3      | Reached skill level 1 in Evocations
  2121 | D:3      | Reached skill level 1 in Armour
  2121 | D:3      | Reached XP level 4. HP: 26/39 MP: 4/4
  2233 | D:3      | Reached skill level 2 in Armour
  2956 | D:4      | Found Ohiun's Jewellery Shop.
  2982 | D:4      | Reached XP level 5. HP: 44/44 MP: 5/5
  3076 | D:4      | Reached skill level 3 in Armour
  3569 | D:4      | Found a staircase to the Ecumenical Temple.
  3576 | Temple   | Entered the Ecumenical Temple
  3593 | Temple   | Became a worshipper of Hepliaklqana the Forgotten
  3593 | Temple   | Reached * piety under Hepliaklqana
  3593 | Temple   | Reached ** piety under Hepliaklqana
  3594 | Temple   | Remembered your ancestor Belessunu as a hexer
  3687 | D:4      | Reached skill level 4 in Armour
  3700 | D:4      | Reached XP level 6. HP: 42/48 MP: 6/6
  3866 | D:5      | Entered Level 5 of the Dungeon
  3921 | D:5      | Reached skill level 5 in Maces & Flails
  4015 | D:5      | Found a shimmering blue altar of Sif Muna.
  4066 | D:5      | Found a blossoming altar of Fedhas.
  4071 | D:5      | Found an ornate altar of the Wu Jian Council.
  4268 | D:5      | Noticed an ice beast
  4280 | D:5      | Killed an ice beast
  4281 | D:5      | Reached XP level 7. HP: 55/55 MP: 7/7
  4331 | D:5      | Found a white marble altar of Elyvilon.
  4561 | D:5      | Found Vuwn's Assorted Antiques.
  4585 | D:5      | Reached skill level 5 in Armour
  4611 | D:5      | Bought a golden potion for 24 gold pieces
  4611 | D:5      | Bought a scroll labelled OKILU ZILUTAISOLY for 27 gold
                  | pieces
  4611 | D:5      | Bought a shiny garnet ring for 135 gold pieces
  4937 | D:6      | Identified the +1 robe of an ice cave {Dex+4}
  4966 | D:5      | Learned a level 2 spell: Blink
  5265 | D:6      | Reached *** piety under Hepliaklqana
  5307 | D:6      | Reached XP level 8. HP: 62/64 MP: 8/8
  5425 | D:6      | Reached skill level 1 in Spellcasting
  5608 | D:6      | Reached skill level 5 in Translocations
  5906 | D:7      | Noticed Jeremiah
  5967 | D:7      | Killed Jeremiah
  5968 | D:7      | Reached skill level 5 in Fighting
  6422 | D:7      | Reached XP level 9. HP: 71/71 MP: 11/11
  6490 | D:7      | Noticed an unseen horror
  6498 | D:7      | Killed an unseen horror
  6634 | D:7      | Learned a level 4 spell: Passage of Golubria
  6737 | D:7      | Found a stormy altar of Qazlal.
  6865 | D:7      | Found a sacrificial altar of Ru.
  6865 | D:7      | You fall into a shaft and drop 3 floors!
  6865 | D:10     | Entered Level 10 of the Dungeon
  6883 | D:10     | Reached **** piety under Hepliaklqana
  6955 | D:10     | Found a staircase to the Orcish Mines.
  6979 | D:10     | Found Deinkuc's Assorted Antiques.
  6986 | D:10     | Found Xuucuh's Assorted Antiques.
  6989 | D:10     | Found Qioguxt's Antique Weapon Emporium.
  7076 | D:10     | Found Bitso's Assorted Antiques.
  7079 | D:10     | Found Zuv Gidi's Antique Weapon Shoppe.
  7245 | D:10     | Bought a bubbling puce potion for 19 gold pieces
  7245 | D:10     | Bought a bubbling inky potion for 19 gold pieces
  7245 | D:10     | Bought 2 scrolls labelled RIS WIONOULOJE for 44 gold pieces
  7254 | D:10     | Bought a scroll labelled HEUNEW ISIELOD for 21 gold pieces
  7254 | D:10     | Bought a scroll labelled REOMIO QOYDGH for 21 gold pieces
  7254 | D:10     | Bought a scroll labelled WIXTUA XISKIS for 21 gold pieces
  7269 | D:10     | Bought a bubbling inky potion for 27 gold pieces
  7269 | D:10     | Bought a coppery potion for 27 gold pieces
  7347 | D:10     | Bought a coppery potion for 27 gold pieces
  7432 | D:9      | Noticed a two-headed ogre
  7443 | D:9      | Killed a two-headed ogre
  7444 | D:9      | Reached XP level 10. HP: 78/80 MP: 12/12
  8095 | D:7      | Identified the +8 dagger "Ciygad" {freeze, rElec Str+4}
  8268 | D:10     | Bought a scroll of identify for 42 gold pieces
  8268 | D:10     | Bought a scroll of identify for 42 gold pieces
  8472 | D:8      | Reached skill level 5 in Invocations
  8543 | D:8      | Found Gimuf's Self-Published Books.
  8957 | D:8      | Noticed Grum
  8964 | D:8      | Reached skill level 1 in Shields
  8986 | D:8      | Killed Grum
  9181 | D:8      | Noticed Erica
  9208 | D:8      | Killed Erica
  9209 | D:8      | Reached skill level 5 in Shields
  9391 | D:8      | Noticed Maggie
  9416 | D:8      | Killed Maggie
  9618 | D:9      | Found a staircase to the Lair.
  9773 | D:9      | Reached XP level 11. HP: 86/86 MP: 15/15
  9932 | D:9      | Noticed a two-headed ogre
  9975 | D:9      | Killed a two-headed ogre
 10214 | D:9      | Reached skill level 10 in Maces & Flails
 10391 | D:9      | Noticed a two-headed ogre
 10503 | D:9      | Killed a two-headed ogre
 10959 | D:10     | Bought an ivory wand for 84 gold pieces
 11033 | D:10     | Reached ***** piety under Hepliaklqana
 11159 | D:10     | Reached skill level 10 in Translocations
 11259 | D:10     | Learned a level 2 spell: Lesser Beckoning
 11379 | D:10     | Found Pomnaef's Magic Scroll Emporium.
 11450 | D:11     | Noticed a two-headed ogre
 11527 | D:11     | Reached skill level 6 in Armour
 11680 | D:10     | Bought a scroll of identify for 28 gold pieces
 11814 | D:11     | Noticed a two-headed ogre
 11867 | D:10     | Killed a two-headed ogre
 12392 | D:10     | Bought a scroll of identify for 28 gold pieces
 12392 | D:10     | Bought a scroll of identify for 28 gold pieces
 12392 | D:10     | Identified a scroll of acquirement
 12394 | D:10     | Acquired the +10 morningstar "Eos" {elec, Halo rElec}
 12394 | D:10     | Found the +10 morningstar "Eos" {elec, Halo rElec}
 12569 | D:11     | Killed a two-headed ogre
 13087 | Lair:1   | Entered Level 1 of the Lair of Beasts
 13245 | Lair:1   | Reached XP level 12. HP: 93/93 MP: 18/18
 14368 | Lair:2   | Found a dark tunnel.
 14399 | Volcano  | Entered a volcano
 15039 | Lair:2   | Found a staircase to the Snake Pit.
 15177 | D:10     | Bought a scroll of blinking for 105 gold pieces
 16159 | Lair:3   | Found a staircase to the Swamp.
 16260 | Lair:3   | Reached XP level 13. HP: 103/103 MP: 19/19
 16475 | Lair:3   | Noticed Nessos
 16476 | Lair:3   | Nessos changed into Nessos the swamp dragon
 16476 | Lair:3   | Noticed Nessos
 16493 | Lair:3   | Killed Nessos the swamp dragon
 16494 | Lair:3   | Reached skill level 5 in Evocations
 16754 | Lair:3   | Reached skill level 7 in Armour
 16825 | Lair:3   | Noticed Fannar
 16872 | Lair:3   | Killed Fannar
 17100 | D:10     | Bought a masterwork leather armour for 154 gold pieces
 17100 | D:10     | Identified the +0 leather armour of Satisfaction {*Corrode
                  | rF++ Int+2 SInv} (You bought it in a shop on level 10 of
                  | the Dungeon)
 17285 | Lair:3   | Learned a level 5 spell: Silence
 17503 | Lair:4   | Reached skill level 8 in Armour
 17516 | Lair:4   | Reached skill level 1 in Air Magic
 17518 | Lair:4   | Reached skill level 1 in Hexes
 17904 | Lair:4   | Found an ornate altar of the Wu Jian Council.
 17904 | Lair:4   | Found a hide-covered altar of Uskayaw.
 18186 | Lair:4   | Reached skill level 5 in Spellcasting
 18548 | Lair:4   | Acquired the +10 Black Knight's barding {ponderous, rPois
                  | rN+}
 18548 | Lair:4   | Found the +10 Black Knight's barding {ponderous, rPois rN+}
 18937 | Lair:5   | Entered Level 5 of the Lair of Beasts
 19043 | Lair:5   | Reached XP level 14. HP: 78/111 MP: 22/22
 19133 | Lair:5   | Reached skill level 5 in Air Magic
 19170 | Lair:5   | Reached skill level 5 in Hexes
 19552 | Lair:5   | Found a runed translucent door.
 19553 | Lair:5   | Found a staircase to the Slime Pits.
 20333 | Lair:5   | Found a burning altar of Makhleb.
 20607 | Lair:5   | Found a gateway to Hell.
 20957 | Orc:1    | Entered Level 1 of the Orcish Mines
 22016 | Orc:2    | Entered Level 2 of the Orcish Mines
 22016 | Orc:2    | Found Paps's Magic Scroll Shop.
 22371 | Orc:2    | Noticed Saint Roka
 22539 | Orc:1    | Killed Saint Roka
 22789 | Orc:2    | Found a staircase to the Elven Halls.
 22828 | Orc:2    | Noticed Maurice
 22832 | Orc:2    | Maurice changed into Maurice the cane toad
 22832 | Orc:2    | Noticed Maurice
 22835 | Orc:2    | Killed Maurice the cane toad
 23322 | Orc:2    | Reached XP level 15. HP: 99/117 MP: 24/24
 23434 | Orc:2    | Found Bayschuac's Assorted Antiques.
 23434 | Orc:2    | Found Felal Morph's Assorted Antiques.
 23435 | Orc:2    | Found Suehuyce's General Store.
 23440 | Orc:2    | Found Yruhegoj's Antique Weapon Emporium.
 23442 | Orc:2    | Bought a pink potion for 23 gold pieces
 23453 | Orc:2    | Bought a scroll of identify for 22 gold pieces
 23453 | Orc:2    | Bought a scroll of identify for 22 gold pieces
 23453 | Orc:2    | Bought a scroll of identify for 22 gold pieces
 24349 | D:13     | Noticed Urug
 24360 | D:13     | Killed Urug
 24716 | D:13     | Reached ****** piety under Hepliaklqana
 25063 | D:13     | Learned a level 4 spell: Cause Fear
 25425 | D:13     | Reached skill level 10 in Hexes
 25425 | D:13     | Reached skill level 10 in Air Magic
 27112 | D:14     | Noticed a storm dragon
 27175 | D:13     | Killed a storm dragon
 27296 | D:14     | Noticed a storm dragon
 27314 | D:14     | Killed a storm dragon
 27511 | D:14     | Reached XP level 16. HP: 125/125 MP: 28/28
 27511 | D:14     | Reached XP level 17. HP: 131/131 MP: 29/29
 27512 | D:14     | Reached skill level 9 in Armour
 27512 | D:14     | Reached XP level 18. HP: 142/142 MP: 30/30
 27512 | D:14     | Reached XP level 19. HP: 149/149 MP: 31/31
 27602 | D:14     | Found a gate to the Vaults.
 27670 | D:14     | Learned a level 3 spell: Ozocubu's Armour
 27794 | D:15     | Entered Level 15 of the Dungeon
 27794 | D:15     | Noticed Rupert
 27923 | D:14     | Reached skill level 1 in Ice Magic
 27981 | D:15     | Learned a level 3 spell: Tukima's Dance
 28054 | D:15     | Killed Rupert
 28242 | D:15     | Found a staircase to the Depths.
 28269 | D:15     | Reached skill level 5 in Ice Magic
 28369 | D:15     | Found the +2 pair of slick slippers {slick, slippery, EV+4}
 28390 | D:15     | Found a runed translucent door.
 28428 | D:15     | Reached XP level 20. HP: 145/155 MP: 33/33
 28430 | D:15     | Reached skill level 10 in Armour
 28983 | Snake:1  | Entered Level 1 of the Snake Pit
 29146 | Snake:1  | Reached skill level 5 in Dodging
 29217 | Snake:1  | Reached skill level 11 in Armour
 30305 | Snake:1  | Reached skill level 12 in Armour
 30678 | Snake:1  | Found Agyp's Jewellery Shoppe.
 30678 | Snake:1  | Found Hoehaulu's Book Boutique.
 30679 | Snake:1  | Found Kiej's Jewellery Shoppe.
 30689 | Snake:1  | Bought the ring "Kougeule" {rF- rC++ Dex+6 Slay+5} for 1043
                  | gold pieces
 31515 | Snake:3  | Got the Vellum of Vexing Conduction
 31858 | Snake:3  | Noticed Roxanne
 32026 | Snake:3  | Noticed Vashnia
 32051 | Snake:3  | Killed Vashnia
 32551 | Snake:3  | Reached skill level 10 in Invocations
 32772 | Snake:3  | Identified the +1 chain mail of the Curious Ultimatums
                  | {*Slow rElec Int+4 Dex+3}
 32976 | Snake:3  | Killed Roxanne
 33055 | Snake:4  | Entered Level 4 of the Snake Pit
 33298 | Snake:4  | Found Wisaust's Book Shoppe.
 33897 | Snake:4  | Reached skill level 13 in Armour
 33923 | Snake:4  | Reached skill level 10 in Fighting
 34040 | Snake:4  | Found Bocomeh's Antique Weapon Shoppe.
 34461 | Snake:4  | Reached XP level 21. HP: 151/162 MP: 31/34
 34508 | Snake:4  | Reached skill level 14 in Armour
 34940 | Snake:4  | Got a serpentine rune of Zot
 35280 | D:1      | Bought Progressing With Mysterious Knowledge for 480 gold
                  | pieces
 35286 | D:1      | Learned a level 5 spell: Borgnjor's Vile Clutch
 35513 | Swamp:1  | Entered Level 1 of the Swamp
 35740 | Swamp:1  | Reached skill level 1 in Earth Magic
 35745 | Swamp:1  | Reached skill level 1 in Necromancy
 36455 | Swamp:2  | Identified the amulet "Manooph" {Acrobat rElec Dex+3}
 36512 | Swamp:2  | Reached skill level 15 in Armour
 37232 | Swamp:2  | Paralysed by a fenstrider witch for 2 turns
 39159 | Swamp:4  | Entered Level 4 of the Swamp
 39204 | Swamp:4  | Found a frozen archway.
 39228 | IceCv    | Entered an ice cave
 40195 | IceCv    | Found a viscous altar of Jiyva.
 40241 | IceCv    | Got the Annotations on Congelation
 40760 | Swamp:4  | Got a decaying rune of Zot
 41429 | Elf:1    | Entered Level 1 of the Elven Halls
 41445 | Elf:1    | Reached XP level 22. HP: 166/168 MP: 35/35
 41469 | Elf:1    | Found a radiant altar of Vehumet.
 41492 | Elf:1    | Paralysed by an air elemental for 1 turns
 41693 | Elf:1    | Got the Directory of Rot
 41917 | Elf:1    | Reached skill level 10 in Spellcasting
 42088 | Elf:1    | Reached skill level 5 in Earth Magic
 42453 | Elf:1    | Reached skill level 5 in Necromancy
 42777 | Elf:2    | Found a transporter.
 42785 | Elf:2    | Found a bloodstained altar of Trog.
 42785 | Elf:2    | Noticed incide's ghost (adept GnIE)
 42827 | Elf:2    | Found an ancient bone altar of Kikubaaqudgha.
 42864 | Elf:2    | Found a runed translucent gate.
 42865 | Elf:2    | Found a runed translucent gate.
 42865 | Elf:2    | Found a runed translucent gate.
 42900 | Elf:2    | Found a transporter.
 42937 | Elf:2    | Killed incide's ghost
 44488 | Elf:3    | Entered Level 3 of the Elven Halls
 44612 | Elf:3    | Noticed Zenata
 44625 | Elf:3    | Killed Zenata
 44859 | Elf:3    | Noticed Bai Suzhen
 44876 | Elf:3    | Killed Bai Suzhen
 45333 | Elf:3    | Learned a level 4 spell: Vhi's Electric Charge
 45850 | Elf:3    | Reached skill level 10 in Earth Magic
 46112 | Elf:3    | Identified the +4 triple sword "Dirghagou" {freeze, Contam
                  | rPois rC+}
 46191 | Elf:3    | Reached XP level 23. HP: 175/175 MP: 37/37
 46236 | Elf:3    | Identified the +0 flail of Mapsapurr {flame, Drain Int+5}
 46640 | Elf:3    | Identified the ring "Izeogomuh" {rElec rF+ rN++ SInv
                  | Stlth+}
 46641 | Elf:3    | Identified the ring of Jacw {Will+ rCorr Slay+2}
 46888 | Elf:3    | Identified the ring of Simaxu Memi {+Blink Fly rCorr}
 47301 | Vaults:1 | Entered Level 1 of the Vaults
 47550 | Vaults:1 | Identified the +8 orcbow of the Living Dead {heavy, rF+
                  | Will+ Int-3}
 47583 | Vaults:1 | Identified the +9 shortbow of Uskayaw's Outrage {elec, rN+
                  | Str+5 Int-5}
 47614 | Vaults:1 | Reached skill level 10 in Necromancy
 47697 | Vaults:1 | Identified the +6 scimitar "Fuovir" {speed, *Rage Dex+6}
 47934 | Vaults:1 | Identified the +7 mace of Gluttony {flame, Drain rC- MP+9
                  | Int+8}
 48781 | Vaults:2 | Reached skill level 15 in Maces & Flails
 48821 | Vaults:2 | Found a magical portal.
 48837 | WizLab   | Entered The Chambers of the Cloud Mage
 48872 | WizLab   | Paralysed by an air elemental for 1 turns
 49008 | WizLab   | Paralysed by an air elemental for 1 turns
 49040 | WizLab   | Paralysed by an air elemental for 1 turns
 49046 | WizLab   | Paralysed by an air elemental for 1 turns
 49221 | WizLab   | Paralysed by an air elemental for 1 turns
 49262 | WizLab   | Paralysed by an air elemental for 1 turns
 49325 | WizLab   | Paralysed by an air elemental for 1 turns
 49912 | Vaults:2 | Found a staircase to the Crypt.
 49936 | Crypt:1  | Entered Level 1 of the Crypt
 49972 | Crypt:1  | Noticed Sojobo
 50022 | Crypt:1  | Killed Sojobo
 50127 | Crypt:1  | Noticed Aizul
 50139 | Crypt:1  | Killed Aizul
 50148 | Crypt:1  | Reached skill level 10 in Shields
 50304 | Crypt:1  | Found an ancient bone altar of Kikubaaqudgha.
 50740 | Crypt:1  | Reached XP level 24. HP: 152/183 MP: 32/37
 51572 | Crypt:2  | Noticed Khufu
 51582 | Crypt:2  | Noticed a royal mummy
 51740 | Crypt:2  | Killed a royal mummy
 52628 | Crypt:2  | Noticed a royal mummy
 52635 | Crypt:2  | Noticed a royal mummy
 52637 | Crypt:2  | Killed Khufu
 52640 | Crypt:2  | Killed a royal mummy
 52644 | Crypt:2  | Killed a royal mummy
 53189 | Crypt:3  | Entered Level 3 of the Crypt
 53364 | Crypt:3  | Reached skill level 16 in Armour
 53374 | Crypt:3  | Identified the ring of Joapno {rPois rN++ Will+}
 53402 | Crypt:3  | Got the Treatise on the Curse and Confrontation
 53523 | Crypt:3  | Found a basalt altar of Yredelemnul.
 53525 | Crypt:3  | Identified the +8 battleaxe "Nibichea" {drain, rElec rN+
                  | Str+3 Dex+3}
 54321 | Crypt:3  | Identified the +2 chain mail "Lyosu" {rPois}
 54342 | Crypt:3  | Found a staircase to the Tomb.
 54651 | Vaults:2 | Noticed Norris
 54660 | Vaults:2 | Killed Norris
 54966 | Vaults:2 | Noticed Mara
 54974 | Vaults:2 | Killed Mara
 55028 | Vaults:2 | Reached skill level 17 in Armour
 55425 | Vaults:3 | Noticed Frederick
 55444 | Vaults:2 | Killed Frederick
 55501 | Vaults:3 | Noticed Asterion
 55507 | Vaults:3 | Killed Asterion
 55994 | Vaults:3 | Reached XP level 25. HP: 193/193 MP: 37/37
 57095 | Vaults:3 | Found Toemoada's Weapon Boutique.
 57245 | Vaults:4 | Reached skill level 15 in Shields
 57927 | Vaults:4 | Reached skill level 18 in Armour
 58493 | Vaults:5 | Entered Level 5 of the Vaults
 59048 | Slime:1  | Entered Level 1 of the Pits of Slime
 59565 | Slime:5  | Entered Level 5 of the Pits of Slime
 60752 | Slime:5  | Reached skill level 19 in Armour
 61120 | Slime:5  | Noticed the Royal Jelly
 61122 | Slime:5  | Found a viscous altar of Jiyva.
 61241 | Slime:5  | Killed the Royal Jelly
 61446 | Slime:5  | Got the Handbook of the Compass and Transmutation
 61448 | Slime:5  | Identified the +8 war axe "Gepnunul" {heavy, Int+5}
 61458 | Slime:5  | Identified the +12 quarterstaff of Judgement {venom, rElec
                  | Int-2 Stlth+}
 61467 | Slime:5  | Got a slimy rune of Zot
 61491 | Slime:5  | Identified the +4 broad axe "Toemo" {pain, *Corrode rPois
                  | Int+3}
 61495 | Slime:5  | Identified the +8 rapier of Defence {heavy, Will+}
 61537 | Slime:5  | Learned a level 4 spell: Iskenderun's Mystic Blast
 62088 | Snake:4  | Bought a warped morningstar for 279 gold pieces
 62088 | Snake:4  | Identified the +5 morningstar of the Blushing Seer {flame,
                  | rC- MP+9 Str+3 Stlth+} (You bought it in a shop on level 4
                  | of the Snake Pit)
 62375 | Orc:2    | Bought a scroll of acquirement for 1664 gold pieces
 62530 | Depths:1 | Entered Level 1 of the Depths
 62555 | Depths:1 | Reached skill level 1 in Conjurations
 62961 | Depths:1 | Reached XP level 26. HP: 203/203 MP: 37/37
 63494 | Depths:1 | Found a transporter.
 63495 | Depths:1 | Found a transporter.
 63497 | Depths:1 | Found a transporter.
 63497 | Depths:1 | Found a transporter.
 64793 | Depths:2 | Found a one-way gate leading to the halls of Pandemonium.
 65009 | Depths:2 | Found an ornate altar of the Wu Jian Council.
 65010 | Depths:2 | Found a radiant altar of Vehumet.
 65010 | Depths:2 | Found a shimmering altar of Xom.
 65230 | Depths:2 | Noticed a juggernaut
 65238 | Depths:2 | Killed a juggernaut
 65508 | Depths:2 | Reached skill level 10 in Dodging
 66223 | Depths:2 | Reached skill level 5 in Conjurations
 66438 | Depths:2 | Identified the +8 great sword of the Terrible God {heavy,
                  | rCorr}
 66680 | Depths:2 | Identified the +5 ring mail "Hawkitim" {rC+ Slay+2}
 67188 | Depths:3 | Reached skill level 20 in Armour
 67195 | Depths:3 | Learned a level 6 spell: Dispersal
 67334 | Depths:3 | Found a one-way gate to the infinite horrors of the Abyss.
 67575 | Depths:3 | Reached skill level 15 in Invocations
 67747 | Depths:3 | Found a one-way gateway to a ziggurat.
 68316 | Depths:4 | Entered Level 4 of the Depths
 68499 | Depths:4 | Reached XP level 27. HP: 199/214 MP: 37/37
 68689 | Depths:4 | Found a stormy altar of Qazlal.
 69296 | Depths:4 | Found a gate to the Realm of Zot.
 70406 | Orc:2    | Bought a potion of ambrosia for 88 gold pieces
 70416 | Orc:2    | Bought a scroll of fog for 104 gold pieces
 70501 | D:10     | Bought a scroll of blinking for 105 gold pieces
 70677 | Snake:1  | Bought a book of Air for 308 gold pieces
 70842 | D:8      | Bought the Precepts of Elementary Elements for 480 gold
                  | pieces
 70842 | D:8      | Bought Mastigos's Directory of the Iron Gauntlet for 792
                  | gold pieces
 70847 | D:8      | Learned a level 4 spell: Airstrike
 70850 | D:8      | Learned a level 2 spell: Passwall
 70978 | Lair:2   | Learned a level 4 spell: Manifold Assault
 71389 | Vaults:4 | Reached skill level 15 in Translocations
 71842 | Vaults:5 | Got a silver rune of Zot
 72251 | Vaults:5 | Identified the +0 arbalest of Honour {heavy, rF+ Dex+2}
 72626 | Vaults:5 | Noticed a dread lich
 72640 | Vaults:5 | Killed a dread lich
 72671 | Vaults:5 | Identified the +4 dagger "Raleiguo" {freeze, Drain Int+6}
 72690 | Vaults:5 | Identified the +8 mace "Heoc" {flame, rElec Will- rCorr}
 72784 | Vaults:5 | Identified the amulet "Vauron" {Spirit Int+4}
 73313 | Vaults:5 | Identified the +0 ring mail of Distant Worlds {+Inv}
 73618 | Vaults:5 | Identified the +9 plate armour of the Devil's Advocate
                  | {Will++}
 73880 | Vaults:5 | Noticed an ancient lich
 73891 | Vaults:5 | Killed an ancient lich
 76162 | D:10     | Bought a condenser vane for 880 gold pieces
 76397 | Zot:1    | Entered Level 1 of the Realm of Zot
 77561 | Zot:2    | Identified the +9 sling "Vyithru" {elec, Fly Dex+2}
 77604 | Zot:2    | Noticed Parghit
 77622 | Zot:2    | Killed Parghit
 77700 | Zot:2    | Reached skill level 21 in Armour
 78057 | Zot:2    | Noticed an orb of fire
 78067 | Zot:2    | Killed an orb of fire
 81398 | Zot:3    | Reached skill level 15 in Fighting
 81985 | D:10     | Bought a phial of floods for 880 gold pieces
 82306 | Zot:4    | Noticed an orb of fire
 82313 | Zot:4    | Gained mutation: You sometimes lose your temper in combat.
                  | [an orb of fire]
 82315 | Zot:4    | Killed an orb of fire
 82439 | Zot:4    | Learned a level 1 spell: Apportation
 82800 | Zot:4    | Lost mutation: You sometimes lose your temper in combat.
                  | [potion of mutation]
 82800 | Zot:4    | Gained mutation: Your body sometimes deteriorates upon
                  | taking damage. [potion of mutation]
 82800 | Zot:4    | Gained mutation: You are agile. (Dex +4, Str/Int -1)
                  | [potion of mutation]
 82800 | Zot:4    | Gained mutation: You are frail. (-10% HP) [potion of
                  | mutation]
 82800 | Zot:4    | Lost mutation: Your body sometimes deteriorates upon taking
                  | damage. [potion of mutation]
 82800 | Zot:4    | Gained mutation: Your muscles are strong. (Str +4, Int/Dex
                  | -1) [potion of mutation]
 82800 | Zot:4    | Gained mutation: Your muscles are very strong. (Str +8,
                  | Int/Dex -2) [potion of mutation]
 82800 | Zot:4    | Gained mutation: Your tail ends in a venomous barb. [potion
                  | of mutation]
 83320 | Zot:5    | Entered Level 5 of the Realm of Zot
 83321 | Zot:5    | Noticed a dread lich
 83589 | Zot:5    | Found a runed translucent door.
 83606 | Zot:5    | Noticed Eghefix's ghost (legendary GnFi)
 83632 | Zot:5    | Killed Eghefix's ghost
 83779 | Zot:5    | Reached skill level 22 in Armour
 83995 | Zot:5    | Noticed a dread lich
 84010 | Zot:5    | Killed a dread lich
 85233 | Zot:5    | Noticed an orb of fire
 85239 | Zot:5    | Noticed an ancient lich
 85253 | Zot:5    | Killed an ancient lich
 85511 | Zot:5    | Noticed an orb of fire
 85520 | Zot:5    | Noticed an orb of fire
 85530 | Zot:5    | Killed an orb of fire
 85540 | Zot:5    | Killed an orb of fire
 85596 | Zot:5    | Noticed an orb of fire
 85596 | Zot:5    | Noticed an orb of fire
 85701 | Zot:5    | Killed an orb of fire
 85834 | Zot:5    | Noticed a dread lich
 85845 | Zot:5    | Killed a dread lich
 85846 | Zot:5    | Reached skill level 23 in Armour
 85946 | Zot:5    | Killed an orb of fire
 86039 | Zot:5    | Killed a dread lich
 86111 | Zot:5    | Noticed a dread lich
 86118 | Zot:5    | Killed a dread lich
 86235 | Zot:5    | Killed an orb of fire
 86479 | Zot:5    | Got the Orb of Zot
 86695 | Depths:1 | Noticed Hedal the pandemonium lord
 86998 | D:$      | Escaped with the Orb!

Illustrated notes

Levels and vault maps discovered:
D:1:      mainiacjoe_arrival_reflecting_pool, layout_rooms, serial_shops, shop,
          shapermc_ecumenical_altar_gd, minmay_pentomino_x4
D:2:      layout_loops_ring, minivault_11
D:3:      layout_basic
D:4:      layout_loops_cross, minmay_temple_entry_junction, serial_shops, shop,
          hex_tiny, kennysheep_generic_room_5
D:5:      nicolae_cairo_tiling, layout_basic, mainiacjoe_overflow_alcove_2,
          nicolae_wu_jian_immortal_techniques, mainiacjoe_overflow_boulevard,
          nicolae_elyvilon_peaceful_grove, serial_shops, shop
D:6:      layout_rooms
D:7:      layout_basic, mainiacjoe_overflow_large_starburst, st_stairs_9,
          uniq_jeremiah
D:8:      layout_basic, nicolae_custom_books, chequers_serial_rivers_room_b,
          kennysheep_generic_room_15, uniq_erica, uniq_grum, uniq_maggie
D:9:      minmay_the_grid_octo_triangle [minmay_the_grid_octo_toaster,
          minmay_the_grid_octo_prize_big_c, minmay_the_grid_octo_chip],
          layout_small_grid
D:10:     layout_basic, orc_0_dummy, serial_shops,
          nicolae_shop_tiny_statue_garden, nicolae_shop_national_dungeon_mall
D:11:     layout_loops_corners, minmay_misc_feat_alley
D:12:     layout_cave_pools
D:13:     layout_rooms, grunt_ministairs_15, uniq_urug
D:14:     minmay_bad_star, layout_cave_pools, david_vaults_1
D:15:     gammafunk_depths_entry_grave, layout_gridville,
          nicolae_guarded_unrand_slippers, uniq_rupert
Temple:   kb_temple_of_zot
Lair:1:   layout_cave_pods
Lair:2:   layout_gridlike, minmay_snake_entry_guardpost_small, enter_volcano_3
Lair:3:   layout_roguey [special_room_mythical_zoo], skrybe_swamp_entry_bodies,
          lemuel_fruit_fields, infiniplex_staircase_pool, uniq_nessos,
          uniq_fannar
Lair:4:   layout_small_grid, nzn_masters_of_martial_movement
Lair:5:   evil_forest, layout_misc_corridors, slime_entry_2,
          chequers_serial_rivers_marsh, grunt_megastairs_3
Swamp:1:  layout_basic_swamp, hangedman_swamp_pad
Swamp:2:  nzn_winding_woodlands_cross [nzn_winding_woodlands_5x15_parted,
          nzn_winding_woodlands_5x15_river_crossing,
          nzn_winding_woodlands_5x15_jagged, nzn_winding_woodlands_5x15_pockets,
          nzn_winding_woodlands_15x15_witchcraft], layout_basic_swamp
Swamp:3:  layout_basic_swamp, evilmike_swamp_ruin_house_5
Swamp:4:  swamp_fiery, layout_basic_swamp, portal_ice_cave_entry_frozen_things
Snake:1:  layout_layer_cave, nicolae_integral_box, minmay_shop_grove,
          serial_bayou_shore_b
Snake:2:  layout_onion, nicolae_letterblocks [nicolae_letter_subblock,
          nicolae_letter_subblock, nicolae_letter_subblock,
          nicolae_letter_subblock, nicolae_letter_subblock,
          nicolae_letter_subblock, nicolae_letter_subblock,
          nicolae_letter_subblock, nicolae_letter_subblock,
          nicolae_letter_subblock, nicolae_letter_subblock,
          nicolae_letter_subblock, nicolae_letter_subblock,
          nicolae_letter_subblock, nicolae_letter_subblock,
          nicolae_letter_subblock, nicolae_letter_subblock,
          nicolae_letter_subblock, nicolae_letter_subblock,
          nicolae_letter_subblock, nicolae_letter_subblock,
          nicolae_letter_subblock, nicolae_letter_subblock,
          nicolae_letter_subblock, nicolae_letter_subblock]
Snake:3:  layout_misc_corridors, nicolae_snake_scaly_snakehead, uniq_vashnia,
          uniq_roxanne
Snake:4:  grunt_snake_rune_pools, layout_cave_town, serial_shops,
          nicolae_shop_gibbet_a_chance, nicolae_shop_tiny_statue_garden,
          grunt_megastairs_1
Slime:1:  layout_caves
Slime:2:  layout_caves
Slime:3:  layout_caves
Slime:4:  cheibrodos_slime_lost_civilization_1, layout_caves, special_room
          [special_room_jelly], cheibrodos_slime_lost_civilization_5
Slime:5:  slime_pit_nicolae_royal_road_to_ruin
Orc:1:    layout_caves, mines5_lemuel
Orc:2:    st_orc_elflike, layout_caves, serial_shops, shop, uniq_maurice,
          uniq_saint_roka
Elf:1:    eino_elf_arrival_altar, layout_gridlike, minmay_elf_necromancy,
          drop_trap
Elf:2:    nicolae_elf_blades_crystal_corner, layout_onion_city, basic_altar,
          gammafunk_ghost_wrathful_warriors, uniq_asterion
Elf:3:    minmay_elf_hall_dome, layout_loops_corners, grunt_ministairs_3,
          hangedman_elf_power_crystal, uniq_bai_suzhen, uniq_zenata
Vaults:1: ontoclasm_vaults_pinch, v_misc_32, nicolae_vaults_mini_display_case,
          nicolae_vaults_mitosis, dpeg_vaults_hating_casters,
          vaults_dpeg_spiral, nicolae_vaults_trapezoid_2,
          nicolae_vaults_trapezoid_4, nicolae_vaults_storage_closets_1,
          nicolae_vaults_lightning_bolt, v_misc_9, nicolae_vaults_meiosis,
          nicolae_vaults_little_squares_5, nicolae_vaults_tetromino_L_2,
          layout_vaults_maze_bifur
Vaults:2: mu_enter_wizlab_5, vaults_mumra_hexcomb,
          minmay_crypt_entry_skeletal_spiral, hangedman_vaults_maws,
          nicolae_vaults_shipping_containers_1, nicolae_vaults_apartment_1,
          hangedman_vaults_impose, vaults_room_stairs_pillars,
          ontoclasm_vaults_ring_small, vaults_dpeg_hooks,
          layout_vaults_omnicross, uniq_norris, uniq_mara
Vaults:3: hangedman_vaults_capsules, hangedman_vaults_snaps,
          nicolae_vaults_network_barrier, nicolae_vaults_trapezoid_3,
          sword_in_stone, hangedman_vaults_trim, vaults_room_pools,
          layout_vaults_chaotic_city, serial_shops, shop
Vaults:4: dpeg_vaults_monster_row, vaults_dpeg_encased_lava,
          nicolae_vaults_wine_cellar, vaults_room_door_ring,
          layout_vaults_omnigrid
Vaults:5
Crypt:1:  layout_gridlike, lemuel_mausoleum_altar_kikubaaqudgha, uniq_aizul,
          uniq_sojobo, uniq_frederick
Crypt:2:  layout_basic, uniq_khufu
Crypt:3:  grunt_crypt_end_deaths_head
Depths:1: layout_cave_shapes, hangedman_coc_ice_floe,
          nicolae_kite_square_tiling_large, grunt_decor_fettered,
          minmay_misc_feat_chi, nicolae_diode_quadrants
Depths:2: hangedman_slaughterboxes, hell_entry, pan_entry
Depths:3: minmay_tri_stars, layout_basic, enter_ziggurat_a, hell_entry,
          abyss_entry, chequers_serial_rivers_micro_d,
          infiniplex_staircase_pool_2
Depths:4: grunt_x_marks_the_spot, layout_gridlike,
          nicolae_qazlal_general_emergency, serial_corexii_hall,
          chequers_hall_statues_wall_a, corexii_hall_statues_l,
          corexii_hall_statues_deadend, grunt_mini_vestibule,
          grunt_pan_entry_spiral
Zot:1:    layout_onion
Zot:2:    layout_misc_corridors, uniq_parghit
Zot:3:    grunt_deathspiral_small, layout_concentric_octagons, hellmonk_body_bag
Zot:4:    layout_cellular_growth, lemuel_lake_of_fire, grunt_megastairs_5
Zot:5:    layout_cathedral_of_symmetry, ebering_ghost_reflecting_pool

Skill      XL: |  1  2  3  4  5  6  7  8  9 10 11 12 13 14 15 16 17 18 19 20 21 22 23 24 25 26 27 |
---------------+----------------------------------------------------------------------------------+-----
Maces & Flails | 3 4 6 8 9 10 12 14 16 | 16.0
Evocations     | 1 2 4 5 8 |  8.0
Armour         | 1 2 4 5 6 8 9 13 15 17 19 20 23 | 23.0
Fighting       | 3 4 5 6 7 8 9 10 11 12 13 16 | 16.0
Translocations | 3 5 8 11 12 17 | 17.0
Spellcasting   | 1 2 4 5 6 8 9 10 11 | 11.0
Invocations    | 3 6 8 9 10 13 15 18 | 18.0
Shields        | 5 8 11 14 16 17 20 | 20.4
Air Magic      | 4 8 10 11 12 | 12.0
Hexes          | 4 8 10 11 12 | 12.0
Dodging        | 4 6 7 8 9 10 12 | 12.0
Ice Magic      | 5 6 |  6.0
Earth Magic    | 4 10 12 | 12.0
Necromancy     | 4 9 10 11 | 11.0
Conjurations   | 2 6 |  6.0

Action                     |  1- 3 |  4- 6 |  7- 9 | 10-12 | 13-15 | 16-18 | 19-21 | 22-24 | 25-27 || total
---------------------------+-------+-------+-------+-------+-------+-------+-------+-------+-------++-------
  Melee: Mace              |    88 |   100 |   101 |       |       |       |       |       |       ||   289
         Tailslap          |    11 |    15 |    35 |    90 |   177 |       |   280 |   407 |   752 ||  1767
         Flail             |       |       |    74 |   353 |       |       |       |       |       ||   427
         Morningstar       |       |       |       |   169 |   832 |       |  1107 |  1485 |  2157 ||  5750
  Throw: Dart              |       |       |    10 |    50 |    14 |       |     5 |     1 |     3 ||    83
         Boomerang         |       |       |       |       |       |       |     2 |       |       ||     2
         Throwing net      |       |       |       |       |       |       |       |       |     3 ||     3
   Cast: Passage of Golubr |       |       |       |    12 |    10 |       |     5 |     1 |     6 ||    34
         Blink             |       |       |       |     1 |     6 |       |       |     1 |     6 ||    14
         Tukima's Dance    |       |       |       |       |       |       |     6 |       |       ||     6
         Silence           |       |       |       |       |       |       |     5 |    10 |     1 ||    16
         Lesser Beckoning  |       |       |       |       |       |       |    31 |   100 |   251 ||   382
         Borgnjor's Vile C |       |       |       |       |       |       |       |    59 |   270 ||   329
         Cause Fear        |       |       |       |       |       |       |       |     1 |     3 ||     4
         Ozocubu's Armour  |       |       |       |       |       |       |       |     1 |       ||     1
         Vhi's Electric Ch |       |       |       |       |       |       |       |     1 |       ||     1
         Apportation       |       |       |       |       |       |       |       |       |     4 ||     4
         Passwall          |       |       |       |       |       |       |       |       |     1 ||     1
 Invoke: Ancestor Life: He |       |     1 |       |       |       |       |       |       |       ||     1
         Recall Ancestor   |       |       |     8 |    14 |    17 |       |    13 |    15 |    29 ||    96
         Transference      |       |       |       |     1 |       |       |       |       |     3 ||     4
         Idealise          |       |       |       |     1 |     4 |       |     4 |     4 |    15 ||    28
  Evoke: Wand              |       |       |     1 |     9 |     8 |       |     2 |     1 |     7 ||    28
         Phantom mirror    |       |       |       |       |       |       |       |       |     1 ||     1
    Use: Scroll            |     4 |     2 |       |    23 |    11 |       |     5 |     4 |    19 ||    68
         Potion            |       |       |       |     1 |     2 |     1 |       |     3 |     7 ||    14
   Stab: Confused          |       |     1 |     5 |     9 |    15 |       |    48 |    60 |   105 ||   243
         Distracted        |       |       |     6 |     8 |    14 |       |    18 |    32 |    57 ||   135
         Paralysed         |       |       |       |       |    16 |       |   117 |    97 |   211 ||   441
         Betrayed ally     |       |       |       |       |       |       |       |       |     1 ||     1
 Armour: Ring mail         |    28 |    23 |    10 |       |       |       |       |       |       ||    61
         Robe              |     3 |       |    33 |    36 |       |       |       |       |       ||    72
         Steam dragon scal |       |       |       |    17 |       |       |       |       |       ||    17
         Acid dragon scale |       |       |       |    52 |   326 |       |    49 |       |   122 ||   549
         Leather armour    |       |       |       |       |       |       |   345 |       |       ||   345
         Fire dragon scale |       |       |       |       |       |       |    86 |   693 |   749 ||  1528
  Dodge: Dodged            |    29 |    27 |    74 |   197 |   253 |       |   481 |   325 |   538 ||  1924
         Repelled          |       |       |       |       |       |       |       |     1 |    23 ||    24
  Block: Orb               |     9 |    25 |    22 |    26 |       |       |       |       |       ||    82
         Reflection        |       |       |     2 |     4 |    13 |       |       |     3 |    35 ||    57
         Buckler           |       |       |       |   142 |   311 |       |   257 |   289 |       ||   999
         Kite shield       |       |       |       |       |       |       |       |   209 |  1127 ||  1336

Table legend: (Time is in decaauts)
 A = Elapsed time spent in this place.
 B = Non-inter-level travel time spent in this place.
 C = Inter-level travel time spent in this place.
 D = Time resting spent in this place.
 E = Time spent auto-exploring this place.
 F = Levels seen in this place.
 G = Mean time per level.
                   A        B        C        D        E       F      G
               +--------+--------+--------+--------+--------+-----+--------+
         Total |  89920 |  77851 |  12069 |  24146 |  19677 |  59 | 1524.1 |
       Dungeon |  22372 |  17449 |   4923 |   4598 |   3071 |  15 | 1491.5 |
        Temple |     35 |      3 |     32 |      0 |      0 |   1 |   35.0 |
          Lair |   8847 |   7188 |   1659 |   2256 |   2171 |   5 | 1769.4 |
         Swamp |   4385 |   3880 |    505 |    971 |   1199 |   4 | 1096.2 |
     Snake Pit |   6988 |   6157 |    831 |   1603 |   2210 |   4 | 1747.0 |
    Slime Pits |   2889 |   2676 |    213 |   1084 |    537 |   5 |  577.8 |
  Orcish Mines |   2333 |   1906 |    427 |    376 |    809 |   2 | 1166.5 |
   Elven Halls |   5925 |   5652 |    273 |   2001 |   1580 |   3 | 1975.0 |
        Vaults |  11240 |  10156 |   1084 |   2364 |   4366 |   5 | 2248.0 |
         Crypt |   4378 |   4075 |    303 |   1342 |   1313 |   3 | 1459.3 |
        Depths |   8802 |   7603 |   1199 |   2574 |   1908 |   4 | 2200.5 |
           Zot |   9832 |   9218 |    614 |   4327 |    505 |   5 | 1966.4 |
      Ice Cave |   1093 |   1093 |      0 |    409 |      0 |   1 | 1093.0 |
       Volcano |    128 |    128 |      0 |     39 |      0 |   1 |  128.0 |
        Wizlab |    663 |    663 |      0 |    199 |      2 |   1 |  663.0 |
               +--------+--------+--------+--------+--------+-----+--------+

Top non-repeatable levels by time:
Vaults:5: 3990 daAuts
   Zot:3: 3844 daAuts
   Zot:5: 3158 daAuts
    D:10: 2984 daAuts
Depths:2: 2805 daAuts
   Elf:3: 2669 daAuts
    D:13: 2617 daAuts
 Snake:1: 2430 daAuts
Depths:4: 2329 daAuts
 Snake:4: 2092 daAuts
  Lair:3: 1981 daAuts
  Lair:5: 1955 daAuts
Depths:1: 1918 daAuts
Vaults:2: 1913 daAuts
Vaults:3: 1884 daAuts
